 Dungeon Crawl Stone Soup version 0.25-a0-62-g88673ef095 (webtiles) character file.

Game seed: 10657389737063390593, levelgen mode: deterministic

5355 MrRokkomies the Covert (level 10, -1/49 HPs)
             Began as a Spriggan Assassin on Oct 30, 2019.
             Was an Elder of Okawaru.
             Slain by a vampire (12 damage)
             ... on level 9 of the Dungeon.
             The game lasted 00:37:24 (9111 turns).

MrRokkomies the Covert (Spriggan Assassin)          Turns: 9111, Time: 00:37:24

Health: -1/49      AC:  9    Str: 10    XL:     10   Next: 38%
Magic:  11/11      EV: 17    Int: 12    God:    Okawaru [****..]
Gold:   435        SH:  0    Dex: 19    Spells: 7/9 levels left

rFire    . . .     SeeInvis +   a - +4 dagger (vamp)
rCold    . . .     Gourm    .   (shield restricted)
rNeg     . . .     Faith    .   F - +0 robe
rPois    .         Spirit   .   (helmet restricted)
rElec    .         Reflect  .   p - +2 cloak
rCorr    .         Harm     .   (gloves unavailable)
MR       +....                  (boots unavailable)
Stlth    ++++++....             (no amulet)
HPRegen  0.16/turn              y - ring of stealth
MPRegen  0.12/turn              j - +4 ring of protection

@: very quick
A: very small, unfitting armour, see invisible, herbivore, speed 3, slow
metabolism 2
a: Heroism, Renounce Religion


You were on level 9 of the Dungeon.
You worshipped Okawaru.
Okawaru was greatly pleased with you.
You were hungry.

You visited 2 branches of the dungeon, and saw 10 of its levels.

You collected 435 gold pieces.

Inventory:

Hand Weapons
 a - a +4 vampiric dagger (weapon)
 b - a +1 short sword of flaming
 A - a +1 dagger of venom
 B - a +2 falchion of flaming
Missiles
 d - 32 poisoned darts
 e - 7 datura-tipped darts
 o - a boomerang (quivered)
 E - a curare-tipped dart
 G - 2 atropa-tipped darts
Armour
 h - a scarf of repulsion
 p - a +2 cloak (worn)
 F - a +0 robe (worn)
Jewellery
 i - an uncursed ring of wizardry
 j - a +4 ring of protection (right hand)
 l - an uncursed ring of magical power
 y - a ring of stealth (left hand)
 C - an uncursed ring of magical power
Wands
 t - a wand of enslavement (6)
 u - a wand of polymorph (17)
 D - a wand of disintegration (2)
Scrolls
 c - 3 scrolls of magic mapping
 n - a scroll of noise {unknown}
 r - 2 scrolls of remove curse
Potions
 g - 2 potions of ambrosia
 k - 5 potions of brilliance
 m - a potion of magic {unknown}
 q - 2 potions of agility
 v - a potion of might
 x - a potion of curing
Comestibles
 f - 15 rations


   Skills:
 * Level 3.7 Fighting
 - Level 10.0 Short Blades
 - Level 9.2 Throwing
 - Level 1.5 Dodging
 + Level 12.0 Stealth
 - Level 5.1 Translocations


You had 7 spell levels left.
You knew the following spells:

 Your Spells              Type           Power        Failure   Level  Hunger
a - Blink                 Tloc           N/A          6%          2    ###....

Your spell library contained the following spells:

 Spells                   Type           Power        Failure   Level  Hunger
 Magic Dart               Conj           #...         32%         1    ##.....
 Summon Small Mammal      Summ           #...         32%         1    ##.....
 Call Imp                 Summ           #.......     45%         2    ###....
 Slow                     Hex            #.......     45%         2    ###....
 Call Canine Familiar     Summ           #.......     69%         3    ####...
 Conjure Flame            Conj/Fire      #.......     69%         3    ####...
 Mephitic Cloud           Conj/Pois/Air  #.......     69%         3    ####...
 Summon Guardian Golem    Hex/Summ       #.......     69%         3    ####...
 Summon Ice Beast         Ice/Summ       #.......     97%         4    #####..
 Summon Lightning Spire   Summ/Air       #.......     97%         4    #####..


Dungeon Overview and Level Annotations

Branches:
Dungeon (9/15)             Temple (1/1) D:4             Orc (0/2) D:9
   Lair: D:8-11

Altars:
Ashenzari
Cheibriados
Dithmenos
Elyvilon
Fedhas
Gozag
Hepliaklqana
Kikubaaqudgha
Makhleb
Nemelex Xobeh
Okawaru
Qazlal
Ru
Sif Muna
Trog
Uskayaw
Vehumet
Wu Jian
Xom
Yredelemnul
Zin
The Shining One


Innate Abilities, Weirdness & Mutations

You are very small and have problems with some larger weapons.
You are too small for most types of armour.
You have supernaturally acute eyesight. (SInv)
You are a herbivore.
You cover ground extremely quickly.
You need to consume almost no food.


Message History

The kobold hits you but does no damage.
The vampire hits you but does no damage.
The vampire completely misses you.
Throwing (i - inventory. (/) - cycle)
o - 2 boomerangs (quivered)
Press: ? - help, Shift-Dir - straight line, f/p - vampire
Aim: a vampire (severely damaged, slightly transparent)
You throw a boomerang.
The boomerang barely misses the vampire.
The kobold barely misses you. The vampire misses you. The vampire bites you.
* * * LOW HITPOINT WARNING * * *
The vampire draws strength from your injuries!
Throwing (i - inventory. (/) - cycle)
o - a boomerang (quivered)
Press: ? - help, Shift-Dir - straight line, f/p - vampire
Aim: a vampire (heavily damaged, slightly transparent)
You throw a boomerang.
The boomerang closely misses the vampire.
The kobold hits you with a +0 short sword.
* * * LOW HITPOINT WARNING * * *
The vampire hits you!
You die...

........# #......K..
........# #..>......
#####.### #'## ###.#
#..### #...# ##...##
###.#### ###..# .......#
###)####### .......#
#..VK.....# .......#
#..@......#
.......#######.........#
.......##....'.........#
..........####.........###
.......#### #..(........#
.......# #####'#####.##
.......# ##.# #..#
#.###### #..######.##
#..##### ##.##...##..#


You could see a vampire (invisible) and a kobold.

Vanquished Creatures
  An ugly thing (D:8)
  Psyche (D:9)
  A hippogriff (D:7)
  Menkaure (D:7)
  Duvessa (D:5)
  3 ice beasts
  3 sky beasts
  2 orc warriors
  A black bear (D:8)
  4 phantoms
  4 ogres
  4 centaurs
  3 big kobolds
  4 bullfrogs
  Dowan (D:5)
  3 scorpions
  A water moccasin skeleton (D:9)
  7 wights (D:8)
  3 howler monkeys
  3 crimson imps
  A centaur zombie (D:5)
  A quasit (D:5)
  3 centaur skeletons
  5 orc priests
  3 jellies
  6 orc wizards
  A gnoll shaman (D:6)
  5 hounds
  Terence (D:3)
  A bullfrog skeleton (D:8)
  An iguana (D:6)
  2 worker ants
  2 killer bee zombies
  A hound zombie (D:5)
  2 worker ant zombies
  Robin (D:3)
  9 gnolls
  A howler monkey skeleton (D:4)
  6 adders
  2 shadow imps
  An ooze (D:3)
  2 adder zombies
  An adder skeleton (D:6)
  2 worms (D:2)
  3 dart slugs
  2 leopard geckos (D:3)
  16 orcs
  3 ball pythons
  9 bats
  5 giant cockroaches
  17 goblins
  5 hobgoblins
  6 jackals
  3 quokkas
  A frilled lizard (D:2)
  16 kobolds
  A leopard gecko zombie (D:7)
  A quokka zombie (D:7)
  6 rats
205 creatures vanquished.

Notes
Turn   | Place    | Note
-------+----------+-------------------------------------------
     0 | D:1      | MrRokkomies the Spriggan Assassin began the quest for the
                  | Orb.
     0 | D:1      | Reached XP level 1. HP: 10/10 MP: 2/2
   118 | D:1      | Reached skill level 6 in Stealth
   139 | D:1      | Reached XP level 2. HP: 14/14 MP: 3/3
   979 | D:2      | Found a burning altar of Makhleb.
   986 | D:2      | Reached XP level 3. HP: 15/18 MP: 4/4
  1217 | D:2      | Found an opulent altar of Gozag.
  1487 | D:3      | Noticed an ogre
  1531 | D:3      | Killed an ogre
  1531 | D:3      | Reached XP level 4. HP: 22/22 MP: 5/5
  1607 | D:3      | Reached XP level 5. HP: 25/25 MP: 6/6
  1628 | D:3      | Noticed Robin
  1889 | D:3      | Reached skill level 7 in Stealth
  1912 | D:3      | Killed Robin
  2061 | D:3      | Noticed Terence
  2090 | D:3      | Killed Terence
  2090 | D:3      | Reached XP level 6. HP: 11/30 MP: 7/7
  2920 | D:4      | Found a blossoming altar of Fedhas.
  2977 | D:4      | Reached skill level 5 in Short Blades
  3195 | D:4      | Found a staircase to the Ecumenical Temple.
  3215 | Temple   | Entered the Ecumenical Temple
  3318 | Temple   | Became a worshipper of Warmaster Okawaru
  3857 | D:5      | Entered Level 5 of the Dungeon
  3883 | D:5      | Noticed an ice beast
  3905 | D:5      | Reached * piety under Okawaru
  3905 | D:5      | Reached skill level 5 in Throwing
  3905 | D:5      | Reached XP level 7. HP: 33/33 MP: 8/8
  3955 | D:5      | Reached skill level 8 in Stealth
  4354 | D:5      | Noticed Dowan
  4355 | D:5      | Noticed Duvessa
  4405 | D:5      | Killed Duvessa
  4414 | D:5      | Killed Dowan
  4708 | D:5      | Reached ** piety under Okawaru
  4708 | D:5      | Reached XP level 8. HP: 29/37 MP: 9/9
  5093 | D:6      | Reached skill level 9 in Stealth
  6037 | D:7      | Noticed a hippogriff
  6056 | D:7      | Killed a hippogriff
  6106 | D:7      | Reached skill level 10 in Stealth
  6106 | D:7      | Reached XP level 9. HP: 32/41 MP: 10/10
  6201 | D:7      | Noticed Menkaure
  6211 | D:7      | Killed Menkaure
  6211 | D:7      | Reached *** piety under Okawaru
  6403 | D:7      | Found a glowing golden altar of the Shining One.
  7176 | D:8      | Reached skill level 11 in Stealth
  7604 | D:8      | Noticed a brown ugly thing
  7607 | D:8      | Killed a brown ugly thing
  7607 | D:8      | Reached skill level 10 in Short Blades
  7635 | D:8      | Learned a level 2 spell: Blink
  7688 | D:8      | Reached skill level 1 in Translocations
  7791 | D:8      | Reached XP level 10. HP: 46/46 MP: 11/11
  7803 | D:8      | Reached **** piety under Okawaru
  7849 | D:8      | Found a shadowy altar of Dithmenos.
  8072 | D:8      | Received a gift from Okawaru
  8323 | D:9      | Found a hazy altar of Hepliaklqana.
  8422 | D:9      | Found a staircase to the Orcish Mines.
  8438 | D:9      | Noticed Psyche
  8467 | D:9      | Killed Psyche
  8478 | D:9      | Received a gift from Okawaru
  8611 | D:9      | Reached skill level 5 in Translocations
  8892 | D:9      | Found a stormy altar of Qazlal.
  9100 | D:9      | Reached skill level 12 in Stealth
  9111 | D:9      | Slain by a vampire

Levels and vault maps discovered:
D:1:      kennysheep_arrival_forest, layout_basic
D:2:      layout_rooms, lemuel_round_altar, bloody_makhleb
D:3:      layout_loops_ring, uniq_robin, uniq_terence
D:4:      layout_loops_corners, fedhas_altar_2, minmay_temple_entry_sparse_star
D:5:      layout_rooms, first_ration, uniq_duvessa
D:6:      layout_loops_ring
D:7:      layout_gridville, old_standard_altar, uniq_menkaure
D:8:      layout_loops_cross, nicolae_overflow_crystal_walls
D:9:      layout_roguey, lemuel_round_altar, kennysheep_little_box, orc_0_dummy,
          uniq_psyche
Temple:   kb_temple_of_zot

Skill      XL: |  1  2  3  4  5  6  7  8  9 10 |
---------------+-------------------------------+-----
Stealth        | 6 7 8 10 11 12 | 12.0
Short Blades   | 3 4 5 6 8 10 | 10.0
Throwing       | 3 4 5 6 7 9 |  9.2
Fighting       | 2 3 |  3.7
Translocations | 1 5 |  5.1
Dodging        | |  1.5

Action                   |  1- 3 |  4- 6 |  7- 9 | 10-12 || total
-------------------------+-------+-------+-------+-------++-------
Melee: Dagger            |    78 |   240 |   546 |   102 ||   966
       Short sword       |       |       |       |    51 ||    51
Throw: Dart              |     9 |    20 |    57 |     5 ||    91
       Boomerang         |       |     3 |    95 |    27 ||   125
Evoke: Wand              |       |       |     1 |     8 ||     9
  Use: Scroll            |     4 |     3 |     5 |     3 ||    15
       Potion            |       |       |     2 |     1 ||     3
 Stab: Sleeping          |    13 |    14 |    14 |    15 ||    56
       Distracted        |     1 |       |       |       ||     1
       Invisible         |       |       |       |     1 ||     1
  Eat: Ration            |       |       |     2 |     1 ||     3
Armor: Robe              |     5 |    49 |   127 |    24 ||   205
       Skin              |       |       |     6 |       ||     6
Dodge: Dodged            |    48 |   168 |   414 |    84 ||   714

Table legend:
 A = Non-vault XP
 B = Vault XP
 C = Vault XP percentage of total XP
 D = Non-vault monster count
 E = Vault monster count
 F = Vault count percentage of total count
                 A         B        C        D         E       F
            +---------+---------+-------+---------+---------+-------
      Total |    6739 |     912 |  11.9 |     187 |      18 |   8.8
            +---------+---------+-------+---------+---------+-------
        D:1 |      31 |       0 |   0.0 |      18 |       0 |   0.0
        D:2 |      38 |       0 |   0.0 |      13 |       0 |   0.0
        D:3 |     333 |      75 |  18.4 |      29 |      14 |  32.6
        D:4 |     232 |       0 |   0.0 |       9 |       0 |   0.0
        D:5 |     619 |     224 |  26.6 |       9 |       2 |  18.2
        D:6 |     906 |       0 |   0.0 |      26 |       0 |   0.0
        D:7 |    1638 |     165 |   9.2 |      30 |       1 |   3.2
        D:8 |    2154 |       0 |   0.0 |      37 |       0 |   0.0
        D:9 |     788 |     448 |  36.2 |      16 |       1 |   5.9
            +---------+---------+-------+---------+---------+-------
